 Dungeon Crawl Stone Soup version 0.25-a0-253-g6f1b5d974a (webtiles) character file.

Game seed: 17780625275625292509, levelgen mode: deterministic

430 Gargoyl the Skirmisher (level 6, -2/53 HPs)
             Began as a Centaur Abyssal Knight on Dec 5, 2019.
             Was a Believer of Lugonu.
             Slain by Eustachio
             ... wielding a +0 rapier
              (3 damage)
             ... on level 5 of the Dungeon.
             The game lasted 00:04:05 (2935 turns).

Gargoyl the Skirmisher (Centaur Abyssal Knight)     Turns: 2935, Time: 00:04:06

Health: -2/53      AC:  5    Str: 15      XL:     6   Next: 66%
Magic:  8/8        EV: 10    Int: 16      God:    Lugonu [**....]
Gold:   148        SH:  0    Dex:  8 (10) Spells: 5/5 levels left

rFire    + . .     SeeInvis .   a - +3 hand axe
rCold    + . .     Gourm    .   (no shield)
rNeg     . . .     Faith    .   k - +1 robe {MR+}
rPois    +         Spirit   .   (no helmet)
rElec    +         Reflect  .   (no cloak)
rCorr    +         Harm     .   (no gloves)
MR       +....                  (no barding)
Stlth    +.........             d - amulet of regeneration
HPRegen  0.57/turn              (no ring)
MPRegen  0.11/turn              (no ring)

@: brilliant, resistant, very quick
A: large, hooves 3, deformed body, speed 2, tough skin 3
a: Depart the Abyss, Bend Space, Renounce Religion


You were on level 5 of the Dungeon.
You worshipped Lugonu.
Lugonu was pleased with you.
You were not hungry.

You visited 1 branch of the dungeon, and saw 5 of its levels.
You visited the Abyss 1 time.

You collected 148 gold pieces.

Inventory:

Hand Weapons
 a - a +3 hand axe (weapon)
Missiles
 h - 4 javelins (quivered)
Armour
 f - a +0 scale mail
 k - a +1 robe of magic resistance (worn)
Jewellery
 d - an amulet of regeneration (around neck)
Wands
 l - a wand of polymorph (6)
Scrolls
 e - a scroll of remove curse
 g - a scroll of identify
 m - a scroll of teleportation
 o - a scroll of enchant armour {unknown}
 p - a scroll of magic mapping {unknown}
Potions
 n - a potion of magic
Comestibles
 c - 6 rations


   Skills:
 + Level 4.3 Fighting
 + Level 3.7 Axes
 * Level 2.5 Armour
 * Level 2.1 Dodging
 * Level 3.5 Invocations


You had 5 spell levels left.
You didn't know any spells.
Your spell library was empty.

Dungeon Overview and Level Annotations

Branches:
Dungeon (5/15)             Temple (0/1) D:4

Altars:
Cheibriados
Fedhas
Sif Muna

Annotations:
D:5 Eustachio


Innate Abilities, Weirdness & Mutations

You have hooves in place of feet.
Armour fits poorly on your strangely shaped body.
You cover ground very quickly.
You have extremely tough skin. (AC +3)


Message History

Eustachio hits you with a +0 rapier!
* * * LOW HITPOINT WARNING * * *
You closely miss Eustachio. You kick Eustachio, but do no damage.
Eustachio is moderately wounded.
You barely miss the quasit. The quasit bites you.
* * * LOW HITPOINT WARNING * * *
The quasit claws you but does no damage.
The quasit barely misses you. Eustachio hits you with a +0 rapier!
* * * LOW HITPOINT WARNING * * *
You hit Eustachio. Your kick misses Eustachio.
Eustachio is moderately wounded.
You hit the quasit but do no damage. The quasit barely misses you.
The quasit claws you but does no damage.
The quasit claws you.
* * * LOW HITPOINT WARNING * * *
The quasit bites you.
* * * LOW HITPOINT WARNING * * *
The quasit claws you but does no damage.
The quasit barely misses you. Eustachio hits you with a +0 rapier.
You die...

.. ... #.##..#
.$..... ##.......
##........ ##
#......... $.#.#
##.........
#s.###.5@@%.....
######(#............
#...............$...
#............####...
#..........### ..
#..........# #
#.<........#
#.........##
#.%.......#


You could see Eustachio and a quasit.

Vanquished Creatures
  Sigmund (D:2)
  A sky beast (D:5)
  An iguana (D:4)
  A worker ant (D:4)
  6 adders
  An ufetubus (Abyss:1)
  An ooze (D:4)
  An adder skeleton (D:4)
  2 dart slugs
  4 leopard geckos
  7 orcs
  5 giant cockroaches
  8 goblins
  7 hobgoblins
  3 jackals (D:4)
  A quokka (D:2)
  3 ball pythons
  4 bats
  A frilled lizard (D:4)
  A jackal skeleton (D:4)
  3 kobolds
  A quokka skeleton (D:4)
  5 rats
68 creatures vanquished.

Notes
Turn   | Place    | Note
-------+----------+-------------------------------------------
     0 | Abyss:1  | Gargoyl the Centaur Abyssal Knight began the quest for the
                  | Orb.
     0 | Abyss:1  | Reached XP level 1. HP: 19/19 MP: 2/2
   125 | Abyss:1  | Noticed a spatial vortex
   125 | Abyss:1  | Noticed a spatial vortex
   125 | Abyss:1  | Noticed a spatial maelstrom
   126 | Abyss:1  | Noticed a spatial vortex
   126 | D:1      | Escaped the Abyss
   354 | D:1      | Reached XP level 2. HP: 26/26 MP: 3/3
   468 | D:1      | Reached * piety under Lugonu
   974 | D:2      | Reached skill level 1 in Dodging
   974 | D:2      | Reached XP level 3. HP: 29/31 MP: 4/4
  1056 | D:2      | Noticed Sigmund
  1307 | D:2      | Killed Sigmund
  1307 | D:2      | Reached skill level 4 in Fighting
  1307 | D:2      | Reached XP level 4. HP: 17/40 MP: 4/6
  1307 | D:2      | Reached XP level 5. HP: 20/46 MP: 4/7
  1765 | D:3      | Reached ** piety under Lugonu
  1922 | D:3      | Found a blossoming altar of Fedhas.
  2195 | D:4      | Reached XP level 6. HP: 35/52 MP: 8/8
  2259 | D:4      | Found a staircase to the Ecumenical Temple.
  2557 | D:4      | Found a snail-covered altar of Cheibriados.
  2588 | D:4      | Found a shimmering blue altar of Sif Muna.
  2903 | D:5      | Entered Level 5 of the Dungeon
  2903 | D:5      | Noticed a sky beast
  2911 | D:5      | Killed a sky beast
  2916 | D:5      | Noticed Eustachio
  2934 | D:5      | HP: 2/53 [Eustachio/+0 rapier (10)]
  2935 | D:5      | Slain by Eustachio

Levels and vault maps discovered:
D:1:      lightli_arrival_lavapool, layout_loops_ring, chequers_garden
D:2:      layout_basic, uniq_sigmund
D:3:      layout_rooms, lemuel_tele_altar
D:4:      layout_gridville, lemuel_crystal_altar, lemuel_crystal_altar,
          minmay_temple_entry_glass, st_stairs_1
D:5:      minmay_angry_zag, layout_rooms, basic_altar, first_ration,
          uniq_eustachio, uniq_crazy_yiuf_cottage

Skill      XL: |  1  2  3  4  5  6 |
---------------+-------------------+-----
Axes           | 2 3 |  3.7
Dodging        | 1 2 |  2.1
Fighting       | 4 |  4.3
Armour         | 2 |  2.5
Invocations    | 3 |  3.5

Action                   |  1- 3 |  4- 6 || total
-------------------------+-------+-------++-------
Melee: Hand axe          |    57 |   112 ||   169
       Kick              |     5 |    19 ||    24
Invok: Depart the Abyss  |     1 |       ||     1
  Use: Scroll            |     3 |     4 ||     7
       Potion            |     1 |     4 ||     5
  Eat: Chunk             |       |     4 ||     4
Armor: Leather armour    |    17 |       ||    17
       Robe              |       |    63 ||    63
Dodge: Dodged            |    25 |   101 ||   126

Table legend:
 A = Non-vault XP
 B = Vault XP
 C = Vault XP percentage of total XP
 D = Non-vault monster count
 E = Vault monster count
 F = Vault count percentage of total count
                 A         B        C        D         E       F
            +---------+---------+-------+---------+---------+-------
      Total |     399 |     216 |  35.1 |      65 |       3 |   4.4
            +---------+---------+-------+---------+---------+-------
        D:1 |      15 |       0 |   0.0 |       8 |       0 |   0.0
        D:2 |      53 |     212 |  80.0 |      16 |       1 |   5.9
        D:3 |      55 |       0 |   0.0 |      17 |       0 |   0.0
        D:4 |     144 |       2 |   1.4 |      22 |       1 |   4.3
        D:5 |     124 |       2 |   1.6 |       1 |       1 |  50.0
    Abyss:1 |       8 |       0 |   0.0 |       1 |       0 |   0.0
            +---------+---------+-------+---------+---------+-------
